 Dungeon Crawl Stone Soup version 0.22-a0-254-gaf95ca0 (webtiles) character file.

5 Moebius the Digger (level 1, 0/10 HPs)
             Began as a Gargoyle Earth Elementalist on Mar 4, 2018.
             Slain by an adder (3 damage)
             ... on level 2 of the Dungeon.
             The game lasted 00:01:39 (334 turns).

Moebius the Digger (Gargoyle Earth Elementalist)     Turns: 334, Time: 00:01:41

Health: 0/10       AC:  4    Str: 11    XL:     1   Next: 80%
Magic:  2/3        EV: 12    Int: 15    God:
Gold:   39         SH:  0    Dex: 10    Spells: 3/4 levels left

rFire    . . .     SeeInvis .   h - +0 club
rCold    . . .     Gourm    .   (no shield)
rNeg     + . .     Faith    .   c - +0 robe
rPois    ∞         Spirit   .   (no helmet)
rElec    +         Reflect  .   (no cloak)
rCorr    .         Harm     .   (no gloves)
MR       .....                  (no boots)
Stlth    ++........             (no amulet)
HPRegen  0.03/turn              (no ring)
MPRegen  0.08/turn              (no ring)

@: no status effects
A: negative energy resistance 1, electricity resistance, unbreathing,
petrification resistance, rot immunity, AC +2
a: no special abilities


You were on level 2 of the Dungeon.
You were not hungry.

You visited 1 branch of the dungeon, and saw 2 of its levels.

You collected 39 gold pieces.

Inventory:

Hand Weapons
 a - a +0 short sword
 h - a +0 club (weapon)
Missiles
 b - 52 stones (quivered)
 j - 14 arrows
Armour
 c - a +0 robe (worn)
Jewellery
 f - an uncursed amulet of the gourmand {unknown}
 i - an uncursed ring of see invisible
Scrolls
 e - 3 scrolls of remove curse {unknown}
 g - a scroll of enchant armour {unknown}
 k - a scroll of teleportation {unknown}
Comestibles
 d - 2 rations


   Skills:
 + Level 0.2 Fighting
 - Level 1.5 Dodging
 - Level 2.1 Stealth
 + Level 2.1 Spellcasting
   Level 0.7 Transmutations
 + Level 3.9 Earth Magic


You had 3 spell levels left.
You knew the following spells:

 Your Spells              Type           Power        Failure   Level  Hunger
a - Sandblast             Erth           ##....       4%          1    #......


Dungeon Overview and Level Annotations

Branches:
Dungeon (2/15)

Altars:


Innate Abilities, Weirdness & Mutations

You are resistant to torment.
Your stone body is resilient. (AC +2)
You are immune to poison.
You resist negative energy. (rN+)
You are resistant to electric shocks. (rElec)
You can survive without breathing.
You are immune to petrification.
You are immune to rotting.


Message History

You climb downwards.
A frilled lizard and an adder come into view.
The frilled lizard hisses angrily.
The adder hisses angrily.
The adder bites you. The adder bites you but does no damage.
The frilled lizard bites you.
Found a stone staircase leading down.
There is a stone staircase leading up here.
Casting: Sandblast (safe; 4% risk of failure)
Confirm with . or Enter, or press ? or * to list all spells.
Aiming: Sandblast (safe; 4% risk of failure)
Press: ? - help, Shift-Dir - straight line, f - adder
Aim: an adder The blast of sand hits the adder.
The adder is almost dead.
b - 52 stones The adder bites you.
* * * LOW HITPOINT WARNING * * *
The frilled lizard bites you but does no damage.
The adder bites you.
You die...

## .> ##+##.
#..... # #
#.....###.#...
#......l....#
#.@...#
#....S..#....
####.##.# # #.
.# #. # #. #.
##


You could see an adder and a frilled lizard.

Vanquished Creatures
  A hobgoblin (D:1)
  3 kobolds (D:1)
  A frilled lizard (D:1)
  A rat (D:1)
6 creatures vanquished.

Notes
Turn   | Place    | Note
-------+----------+-------------------------------------------
     0 | D:1      | Moebius the Gargoyle Earth Elementalist began the quest for the Orb.
     0 | D:1      | Reached XP level 1. HP: 10/10 MP: 3/3
   334 | D:2      | Slain by an adder

Vault maps used:
D:1:      dpeg_arrival_water_temple_mockup
D:2:      nicolae_dithmenos_shadow_blocks, elyvilon_altar_1

Action                   || total
-------------------------++-------
Melee: Club              ||    11
 Cast: Sandblast         ||     7
Armor: Robe              ||     7
Dodge: Dodged            ||     4

Table legend:
 A = Spawn XP
 B = Non-spawn XP
 C = Spawn XP percentage of total XP
 D = Spawn monster count
 E = Non-spawn monster count
 F = Spawn count percentage of total count
 G = Total turns spent on level
                    A         B        C        D         E        F      G
               +---------+---------+-------+---------+---------+-------+---------
         Total |       0 |       8 |   0.0 |       0 |       6 |   0.0 |   334
               +---------+---------+-------+---------+---------+-------+---------
           D:1 |       0 |       8 |   0.0 |       0 |       6 |   0.0 |   331
               +---------+---------+-------+---------+---------+-------+---------
